 Dungeon Crawl Stone Soup version 0.30-a0-586-g23e55c9e0a (webtiles) character file.

Game seed: 15474541060949342090

29 Citaku the Covered (level 3, -1/33 HPs)
             Began as a Minotaur Fighter on Jan 3, 2023.
             Slain by an adder (2 damage)
             ... on level 2 of the Dungeon.
             The game lasted 00:01:32 (712 turns).

Citaku the Covered (Minotaur Fighter)                Turns: 712, Time: 00:01:34

Health: -1/33      AC:  8    Str: 22    XL:     3   Next: 1%
Magic:  2/2        EV:  9    Int:  5    God:
Gold:   68         SH:  4    Dex:  9    Spells: 2/2 levels left

rFire   . . .      SeeInvis .    a - +0 war axe
rCold   . . .      Faith    .    c - +0 buckler
rNeg    . . .      Spirit   .    b - +0 scale mail
rPois   .          Reflect  .    (helmet restricted)
rElec   .          Harm     .    (no cloak)
rCorr   .          Rampage  .    f - +0 pair of gloves
Will    .....                    (no boots) Stlth
                                 (no amulet)
HPRegen 0.25/turn                (no ring)
MPRegen 0.08/turn                (no ring)

@: lethally poisoned (-1 -> -2), flying
A: horns 2, retaliatory headbutt
a: no special abilities


You were on level 2 of the Dungeon.
You visited 1 branch of the dungeon, and saw 2 of its levels.

You collected 68 gold pieces.

Inventory:

Hand Weapons
 a - a +0 war axe (weapon)
Armour
 b - a +0 scale mail (worn)
 c - a +0 buckler (worn)
 f - a +0 pair of gloves (worn)
Scrolls
 e - a scroll of amnesia {unknown}
 g - 2 scrolls of identify {unknown}
 i - a scroll of immolation {unknown}
Potions
 d - a potion of might


   Skills:
 + Level 3.9 Fighting
 * Level 3.1 Axes
 * Level 4.1 Armour
 * Level 4.0 Shields


You had 2 spell levels left.
You didn't know any spells.
Your spell library contained the following spells:

 Spells                   Type           Power      Damage    Failure   Level
 Summon Small Mammal      Summ           0%         N/A       87%         1
 Cigotuvi's Dreadful Rot  Necr/Pois/Air  0%         N/A       95%         2
 Call Canine Familiar     Summ           0%         N/A       99%         3
 Summon Guardian Golem    Hex/Summ       0%         N/A       99%         3
 Dispel Undead            Necr           0%         3d6       100%        4
 Death Channel            Necr           0%         N/A       100%        6


Dungeon Overview and Level Annotations

Branches:
Dungeon (2/15)

Altars:


Innate Abilities, Weirdness & Mutations

You have a pair of horns on your head.
You reflexively headbutt those who attack you in melee.


Message History

You block the adder's attack. The adder closely misses you.
The adder bites you but does no damage.
You closely miss the adder. x2; You feel sick.
The adder closely misses you. The adder bites you.
You are more poisoned.
The adder poisons you! You block the adder's attack. The adder bites you.
You feel sick. The adder bites you. The adder bites you but does no damage.
The adder attacks as you move away! The adder bites you but does no damage.
You feel sick. The adder barely misses you. The adder bites you.
You are more poisoned.
The adder poisons you! The adder bites you but does no damage.
You feel very sick.
The adder bites you but does no damage. x2
You barely miss the adder.
The adder is heavily wounded.
You closely miss the adder.
You feel sick. The adder bites you.
* * * LOW HITPOINT WARNING * * *
The adder bites you but does no damage. x3
You hit the adder.
You kill the adder!
You closely miss the adder.
* * * LOW HITPOINT WARNING * * *
You feel sick.
The adder bites you but does no damage. x2
Your Shields skill increases to level 4!
You have reached level 3!
Your experience leads to an increase in your attributes!
Increase (S)trength, (I)ntelligence, or (D)exterity?
You feel stronger. x2
It was a potion of flight.
You feel very buoyant.
You fly up into the air.
* * * LOW HITPOINT WARNING * * *
You feel sick. You block the adder's attack.
The adder attacks as you move away! You block the adder's attack.
* * * LOW HITPOINT WARNING * * *
You feel sick. The adder attacks as you move away!
You block the adder's attack.
* * * LOW HITPOINT WARNING * * *
You feel sick. The adder bites you.
You die...

### #.#
...####.##
#.......##
##........##
####..........#
..............#
#...........#
#........[.#
#...@S.....#
##.>...†..##
.............#
..............#
.............<#
...#..........#
..##..........#
.. #.........##
.#......##


You could see an adder.

Vanquished Creatures
  An adder (D:2)
  3 bats
  2 hobgoblins (D:1)
  A quokka (D:1)
  3 ball pythons (D:1)
  2 frilled lizards (D:1)
  3 goblins (D:1)
  3 kobolds (D:1)
  3 rats (D:1)
21 creatures vanquished.

Notes
Turn   | Place    | Note
-------+----------+-------------------------------------------
     0 | D:1      | Citaku the Minotaur Fighter began the quest for the Orb.
     0 | D:1      | Reached XP level 1. HP: 19/19 MP: 0/0
   126 | D:1      | Reached XP level 2. HP: 27/27 MP: 1/1
   710 | D:2      | Reached XP level 3. HP: 3/33 MP: 2/2
   711 | D:2      | HP: 1/33 [poisoned by an adder]
   712 | D:2      | Slain by an adder

Illustrated notes

Levels and vault maps discovered:
D:1:      erik_arrival_orb_chamber, layout_basic, minmay_tall_x
D:2:      layout_rooms, dreamdust_ecumenical_altar_drowned_temple,
          small_statue_intersection, minmay_quadrilaterals

Skill      XL: |  1  2 |
---------------+-------+-----
Axes           | 3 |  3.1
Armour         | 4 |  4.1
Shields        | 4 |  4.0
Fighting       | |  3.9

Action                   || total
-------------------------++-------
Melee: War axe           ||    39
       Headbutt          ||     5
  Use: Potion            ||     1
Armor: Scale mail        ||    31
Dodge: Dodged            ||    27
Block: Buckler           ||    14

Table legend: (Time is in decaauts)
 A = Elapsed time spent in this place.
 B = Non-inter-level travel time spent in this place.
 C = Inter-level travel time spent in this place.
 D = Time resting spent in this place.
 E = Time spent auto-exploring this place.
 F = Levels seen in this place.
 G = Mean time per level.
                   A        B        C        D        E       F      G
               +--------+--------+--------+--------+--------+-----+--------+
         Total |    727 |    727 |      0 |      0 |    516 |   2 |  363.5 |
       Dungeon |    727 |    727 |      0 |      0 |    516 |   2 |  363.5 |
               +--------+--------+--------+--------+--------+-----+--------+

Top non-repeatable levels by time:
     D:1: 704 daAuts
     D:2: 22 daAuts
